 Dungeon Crawl Stone Soup version 0.26.1-11-gd32895ea62 (webtiles) character file.

Game seed: 2398881097764429143

964 Zeld the Cudgeller (level 7, -15/60 HPs)
             Began as a Pale Draconian Gladiator on June 14, 2021.
             Blown up by a gnoll (31 damage)
             ... with a disintegration bolt
             ... on level 4 of the Dungeon.
             The game lasted 00:06:01 (6442 turns).

Zeld the Cudgeller (Pale Draconian Gladiator)       Turns: 6442, Time: 00:06:01

Health: -15/60     AC:  8    Str: 18    XL:     7   Next: 93%
Magic:  7/7        EV: 14    Int:  9    God:
Gold:   164        SH:  0    Dex: 12    Spells: 6/6 levels left

rFire    . . .     SeeInvis +   a - +0 flail
rCold    . . .     Faith    .   (no shield)
rNeg     . . .     Spirit   .   (armour unavailable)
rPois    .         Reflect  .   b - +0 hat
rElec    .         Harm     .   (no cloak)
rCorr    .         Rampage  .   h - +0 pair of gloves
Will     .....                  g - +0 pair of boots
Stlth    +.........             (no amulet)
HPRegen  0.20/turn              l - ring of see invisible
MPRegen  0.10/turn              (no ring)

@: no status effects
A: breathe steam, unfitting armour, cold-blooded, AC +6
a: Breathe Steam


You were on level 4 of the Dungeon.
You visited 1 branch of the dungeon, and saw 4 of its levels.

You collected 164 gold pieces.

Inventory:

Hand Weapons
 a - a +0 flail (weapon)
Missiles
 e - 121 stones (quivered)
 j - 16 boomerangs
Armour
 b - a +0 hat (worn)
 g - a +0 pair of boots (worn)
 h - a +0 pair of gloves (worn)
Jewellery
 l - a ring of see invisible (left hand)
Wands
 v - a wand of digging (2)
Scrolls
 c - a scroll of remove curse
 i - 3 scrolls of teleportation
 o - a scroll of enchant weapon {unknown}
 t - a scroll of noise {unknown}
Potions
 f - 2 potions of curing {unknown}
 k - 2 potions of ambrosia {unknown}
 n - 3 potions of cancellation {unknown}
 q - a potion of might {unknown}
 r - 3 potions of flight {unknown}
 s - 4 potions of attraction {unknown}


   Skills:
 + Level 4.5 Fighting
 * Level 6.0 Maces & Flails
 * Level 5.0 Throwing
 + Level 4.3 Dodging


You had 6 spell levels left.
You didn't know any spells.
Your spell library was empty.

Dungeon Overview and Level Annotations

Branches:
Dungeon (4/15)
 Temple: D:4-7

Altars:
Nemelex Xobeh
Okawaru

Annotations:
D:4 1 transporter, Pepete's ghost, amateur HuMo


Innate Abilities, Weirdness & Mutations

You can breathe blasts of scalding, opaque steam.
Your pale cyan-grey scales are hard. (AC +6)
You cannot fit into any form of body armour.
You are cold-blooded and may be slowed by cold attacks.


Message History

The gnoll shouts!
Pepete's ghost casts a spell at you. The blast of sand misses you.
Pepete's ghost gestures at you while chanting.
The blast of sand hits you but does no damage.
The gnoll completely misses you.
Press: ? - help, v - describe, . - travel
Here: Pepete's ghost (heavily damaged)
The floor.
Pepete's ghost wails, "I have seen your future, and it is all used up."
The gnoll hits you but does no damage. Pepete's ghost casts a spell at you.
The blast of sand hits you but does no damage.
The gnoll closely misses you.
Pepete's ghost whispers, "You will understand me better in a moment."
Found a manual of Throwing.
Pepete's ghost screams, "Very impressive.
But it won't help.
Nothing will."
The gnoll zaps a wand.
You are blasted!
Ouch! That really hurt!
You die...

################..#.....
#.........).............
#.≈≈≈≈≈≈≈≈≈≈≈≈≈≈≈≈≈≈≈≈≈≈
#.≈≈≈≈≈≈≈≈≈≈≈≈≈≈≈≈≈≈≈≈≈≈
#.≈≈#####...........####
#.≈≈#.#.#.###.©.###.#.#.
#.≈≈#...###.#####.###...
#.≈≈###..g.Wg.........##
#.≈≈.8#@######'######.#8
#.≈≈.##.#...#8..#.(.#.##
#.≈≈.#..'..:#⌠©†...)'..#
#.≈≈.##.#...#8..#.).#.##
#.≈≈.8#.######'######.#8
#.≈≈###............?..##
#.≈≈#...###.#####©###...
#.≈≈#.#g#.###.§)###.#.#.
#.≈≈#####...........####


You could see Pepete's ghost and 3 gnolls.

Vanquished Creatures
  Eustachio (D:4)
  A phantom (D:4)
  An ogre (D:4)
  A scorpion (D:4)
  A centaur zombie (D:3)
  A hound (D:4)
  3 orc priests (D:4)
  A bullfrog skeleton (D:4)
  Jessica (D:3)
  A gnoll shaman (D:4)
  An iguana (D:4)
  A worker ant (D:4)
  Ijyb (D:3)
  Natasha (thrice) (D:4)
  2 orc wizards (D:4)
  Robin (D:2)
  3 gnolls (D:4)
  4 adders
  An ooze (D:2)
  3 worms
  2 dart slugs (D:1)
  5 orcs (D:4)
  A ball python (D:2)
  A giant cockroach (D:4)
  14 goblins
  16 hobgoblins
  11 jackals
  7 kobolds
  A quokka (D:2)
  6 bats
  5 frilled lizards
  5 rats
106 creatures vanquished.

Vanquished Creatures (others)
  6 plants (D:4)
6 creatures vanquished.

Grand Total: 112 creatures vanquished

Notes
Turn   | Place    | Note
-------+----------+-------------------------------------------
     0 | D:1      | Zeld the Draconian Gladiator began the quest for the Orb.
     0 | D:1      | Reached XP level 1. HP: 17/17 MP: 1/1
   293 | D:1      | Reached XP level 2. HP: 25/25 MP: 2/2
   553 | D:1      | Found an iron altar of Okawaru.
   734 | D:1      | Reached XP level 3. HP: 30/30 MP: 3/3
  1284 | D:2      | Noticed Robin
  1334 | D:2      | Killed Robin
  1335 | D:2      | Reached XP level 4. HP: 19/37 MP: 4/4
  2858 | D:3      | Reached skill level 4 in Maces & Flails
  2965 | D:3      | Reached XP level 5. HP: 32/45 MP: 5/5
  3110 | D:3      | Noticed Jessica
  3118 | D:3      | Killed Jessica
  3472 | D:3      | Found a sparkling altar of Nemelex Xobeh.
  3594 | D:3      | Noticed Ijyb
  3619 | D:3      | Killed Ijyb
  3920 | D:4      | Reached XP level 6. HP: 51/51 MP: 6/6
  3924 | D:4      | Noticed Eustachio
  3970 | D:4      | Killed Eustachio
  3971 | D:4      | Reached skill level 5 in Maces & Flails
  4179 | D:4      | Your scales start taking on a pale cyan-grey colour.
  4179 | D:4      | Reached XP level 7. HP: 27/58 MP: 7/7
  4868 | D:4      | Found a transporter.
  4874 | D:4      | Found a transporter.
  5267 | D:4      | Noticed Natasha
  5275 | D:4      | Killed Natasha
  5609 | D:4      | Noticed Natasha
  5617 | D:4      | Killed Natasha
  5826 | D:4      | Found a transporter.
  5826 | D:4      | Found a transporter.
  5834 | D:4      | Noticed Pepete's ghost (amateur HuMo)
  5987 | D:4      | Noticed Natasha
  5990 | D:4      | Killed Natasha
  5991 | D:4      | Reached skill level 6 in Maces & Flails
  6416 | D:4      | Reached skill level 5 in Throwing
  6422 | D:4      | Paralysed by a gnoll for 5 turns
  6442 | D:4      | Blown up by a gnoll

Illustrated notes

Levels and vault maps discovered:
D:1:      scummos_arrival_forest, layout_basic, serial_forest,
          infiniplex_forest_3_way, infiniplex_forest_lined_ring,
          infiniplex_forest_clump_curved, infiniplex_forest_clump_tiny,
          infiniplex_forest_clump_medium, hangedman_decor_opposing,
          okawaru_ov_weapons_minmay
D:2:      layout_loops_corners, uniq_robin
D:3:      layout_loops_cross, nemelex_spade_bored_becter, uniq_ijyb,
          uniq_jessica
D:4:      layout_loops_ring, gammafunk_ghost_gnarly_gnolls, glass_columns_c,
          uniq_natasha, uniq_eustachio

Skill      XL: |  1  2  3  4  5  6  7 |
---------------+----------------------+-----
Throwing       | 2 3 4 5 |  5.0
Dodging        | 3 4 |  4.3
Fighting       | 3 4 |  4.5
Maces & Flails | 4 5 6 |  6.0

Action                   |  1- 3 |  4- 6 |  7- 9 || total
-------------------------+-------+-------+-------++-------
Melee: Flail             |   109 |   223 |    67 ||   399
       Tailslap          |    11 |    27 |     8 ||    46
Throw: Throwing net      |       |     3 |       ||     3
 Abil: Breathe Steam     |       |       |     4 ||     4
  Use: Scroll            |       |     4 |     1 ||     5
 Stab: Sleeping          |     1 |       |       ||     1
Armor: Skin              |    46 |    97 |    23 ||   166
Dodge: Dodged            |    92 |   182 |    59 ||   333
